 Dungeon Crawl Stone Soup version 0.19-a0-1686-g35356ef (webtiles) character file.

369 sleepydude the Cudgeler (level 6, -2/37 HPs)
             Began as a Gargoyle Fighter on Sept 25, 2016.
             Killed from afar by Dowan (15 damage)
             ... with a shard of ice
             ... on level 4 of the Dungeon.
             The game lasted 00:09:58 (2259 turns).

sleepydude the Cudgeler (Gargoyle Fighter)          Turns: 2259, Time: 00:09:59

Health: -2/37      AC: 14    Str: 20    XL:     6   Next: 70%
Magic:  6/6        EV:  5    Int:  9    God:
Gold:   165        SH: 10    Dex: 10    Spells: 0 memorised, 5 levels left

rFire  . . .     SeeInvis .     n - +1 mace
rCold  . . .     Gourm    .     u - +0 chain mail
rNeg   + . .     Faith    .     c - +1 shield
rPois  ∞         Spirit   .     (no helmet)
rElec  +         Dismiss  .     (no cloak)
rCorr  .         Reflect  .     (no gloves)
MR     .....     Harm     .     (no boots)
Stlth  ..........               (no amulet)
                                (no ring)
                                (no ring)

@: no status effects
A: negative energy resistance 1, electricity resistance, unbreathing,
petrification resistance, rot immunity, AC +4
a: no special abilities


You were on level 4 of the Dungeon.
You were hungry.

You visited 1 branch of the dungeon, and saw 4 of its levels.

You collected 165 gold pieces.

Inventory:

Hand Weapons
 a - a +0 flail
 n - a +1 mace (weapon)
Armour
 c - a +1 shield (worn)
 u - a +0 chain mail (worn)
Wands
 q - a wand of flame (37/48)
Scrolls
 h - a scroll of amnesia
 i - a scroll of remove curse
 j - a scroll of enchant weapon
 l - a scroll of enchant armour
 p - 4 scrolls of identify {unknown}
 r - a scroll of recharging {unknown}
 t - a scroll of immolation {unknown}
 x - a scroll of blinking {unknown}
Potions
 b - 2 potions of cancellation {unknown}
 d - a potion of might
 k - 2 potions of mutation {unknown}
 m - a potion of lignification {unknown}
 s - 3 potions of ambrosia {unknown}
 v - a potion of brilliance {unknown}
Comestibles
 f - 4 bread rations
 g - a meat ration


   Skills:
 - Level 3.3 Fighting
 * Level 6.5 Maces & Flails
 - Level 3.2 Armour
 + Level 1.5 Dodging
 - Level 3.2 Shields


You had 5 spell levels left.
You didn't know any spells.

Dungeon Overview and Level Annotations

Branches:
Dungeon (4/15)
 Temple: D:4-7

Altars:
Sif Muna
The Shining One

Annotations:
D:4 Dowan


Innate Abilities, Weirdness & Mutations

You are resistant to torment.
Your stone body is resilient. (AC +4)
You are immune to poison.
You resist negative energy. (rN+)
You are resistant to electric shocks. (rElec)
You can survive without breathing.
You are immune to petrification.
You are immune to rotting.


Message History

Dowan completely misses you. Dowan hits you but does no damage.
You hit Dowan.
Dowan is lightly wounded.
Dowan mumbles some strange words.
You barely miss Dowan.
Dowan is lightly wounded.
Dowan hits you but does no damage. x2
You miss Dowan.
Dowan is lightly wounded.
You block Dowan's attack.
You hit Dowan.
Dowan is moderately wounded.
You block Dowan's attack.
Dowan mumbles some strange words.
Dowan blinks!
Items here: $ ( ) [ a short sword of venom; a ring mail; 8 gold pieces; 18 stones Dowan points at you and mumbles some strange words.
The shard of ice hits you!
You die...

#.....####### #
#...........##.
............. #
#.#.......#
#.###.........#
##.............#
#..##..#..)....#
...#..###......########
#.#[...#..#.##..@).e..#
#.......(...##..#####.#
.........(......#####.#
########
####.....######.##....#
#....... ##...##
####.##.##.# #.######
#...# #..........####.#
#...# #.##............#
#...# # ###.###.######
#...# #.# #.# ###


You could see Dowan.

Vanquished Creatures
  Menkaure (D:4)
  Duvessa (D:4)
  Blork the orc (D:4)
  An orc wizard (D:3)
  2 adders (D:2)
  An ooze (D:2)
  A worm (D:2)
  2 dart slugs (D:2)
  A leopard gecko (D:4)
  5 orcs (D:3)
  2 giant cockroaches (D:3)
  4 goblins
  3 hobgoblins
  4 kobolds
  A ball python (D:3)
  2 bats
  8 frilled lizards
  6 rats
  A toadstool (D:1)
47 creatures vanquished.

Vanquished Creatures (others)
  3 toadstools (D:1)
3 creatures vanquished.

Grand Total: 50 creatures vanquished

Notes
Turn   | Place    | Note
-------+----------+-------------------------------------------
     0 | D:1      | sleepydude the Gargoyle Fighter began the quest for the Orb.
     0 | D:1      | Reached XP level 1. HP: 14/14 MP: 1/1
   386 | D:1      | Reached XP level 2. HP: 19/19 MP: 2/2
   594 | D:2      | Reached skill level 3 in Maces & Flails
   633 | D:2      | Found a deep blue altar of Sif Muna.
   724 | D:2      | Reached XP level 3. HP: 16/23 MP: 3/3
  1008 | D:2      | Reached skill level 1 in Dodging
  1178 | D:2      | Found a glowing golden altar of the Shining One.
  1481 | D:3      | Reached XP level 4. HP: 25/28 MP: 4/4
  1728 | D:3      | Reached skill level 4 in Maces & Flails
  1999 | D:4      | Noticed Menkaure
  2077 | D:4      | Killed Menkaure
  2077 | D:4      | Reached skill level 5 in Maces & Flails
  2077 | D:4      | Reached XP level 5. HP: 23/32 MP: 5/5
  2187 | D:4      | Reached XP level 6. HP: 37/37 MP: 6/6
  2190 | D:4      | Noticed Blork the orc
  2202 | D:4      | Killed Blork the orc
  2210 | D:4      | Noticed Duvessa
  2211 | D:4      | Noticed Dowan
  2249 | D:4      | Killed Duvessa
  2249 | D:4      | Reached skill level 6 in Maces & Flails
  2259 | D:4      | Killed from afar by Dowan

Vault maps used:
D:1:      ldierk_water_garden, minmay_lizard_pond
D:2:      lemuel_crystal_altar, nicolae_tso_swordbearing_angel,
          grunt_ministairs_8
D:4:      first_bread, nemelex_spade_bored_becter, uniq_duvessa,
          uniq_blork_the_orc, uniq_menkaure

Skill      XL: |  1  2  3  4  5  6 |
---------------+-------------------+-----
Maces & Flails | 3 5 6 |  6.5
Dodging        | 1 |  1.5
Fighting       | |  3.3
Armour         | |  3.2
Shields        | |  3.2

Action                   |  1- 3 |  4- 6 || total
-------------------------+-------+-------++-------
Melee: Flail             |   140 |    38 ||   178
       Mace              |       |    52 ||    52
  Use: Scroll            |       |     6 ||     6
  Eat: Chunk             |     1 |     3 ||     4
Armor: Scale mail        |    64 |     3 ||    67
       Chain mail        |       |    30 ||    30
Dodge: Dodged            |    42 |    13 ||    55
Block: Shield            |    80 |    44 ||   124
